 Dungeon Crawl Stone Soup version 0.25-a0-1104-g1bb6b8da34 (webtiles) character file.

Game seed: 17567893595727776166, levelgen mode: deterministic

2907 RaHiT the Cudgeler (level 9, -17/93 HPs)
             Began as an Ogre Gladiator on May 16, 2020.
             Was an Initiate of the Shining One.
             Demolished by an orc warrior
             ... wielding a +0 battleaxe
              (32 damage)
             ... in a bailey.
             The game lasted 00:57:33 (9749 turns).

RaHiT the Cudgeler (Ogre Gladiator)                 Turns: 9749, Time: 00:57:33

Health: -17/93     AC: 11    Str: 23    XL:     9   Next: 78%
Magic:  4/4        EV: 12    Int:  9    God:    the Shining One [......]
Gold:   325        SH:  0    Dex: 10    Spells: 12/14 levels left

rFire    . . .     SeeInvis .   a - +2 morningstar (antimagic)
rCold    + . .     Gourm    .   (no shield)
rNeg     . . .     Faith    .   O - +2 steam dragon scales
rPois    .         Spirit   .   c - +0 hat
rElec    .         Reflect  .   d - +0 cloak
rCorr    .         Harm     .   (gloves unavailable)
MR       .....                  (boots unavailable)
Stlth    +.........             g - amulet of the acrobat
HPRegen  0.25/turn              r - ring of flight
MPRegen  0.09/turn              y - ring of protection from cold

@: mighty, brilliant, about to teleport, marked, glowing
A: large, unfitting armour, fangs 1, iridescent scales 1, tough skin 1
a: Renounce Religion, Evoke Flight


You were in a bailey.
You worshipped the Shining One.
The Shining One was noncommittal.
You were not hungry.

You visited 2 branches of the dungeon, and saw 9 of its levels.
You also visited: Bailey.

You collected 325 gold pieces.

Inventory:

Hand Weapons
 a - a +2 antimagic morningstar (weapon)
 b - a +0 hand crossbow
 G - a +3 hunting sling
Missiles
 i - 285 stones
 k - 53 poisoned darts
 p - 115 bolts
 v - 112 sling bullets
 x - a large rock
 A - 7 atropa-tipped darts (quivered)
 C - 4 throwing nets
 L - 5 boomerangs
 N - 7 datura-tipped darts
Armour
 c - a +0 hat (worn)
 d - a +0 cloak (worn)
 O - +2 steam dragon scales (worn)
Jewellery
 g - an amulet of the acrobat (around neck)
 r - a ring of flight (left hand)
 y - a ring of protection from cold (right hand)
Wands
 n - a wand of enslavement (17)
 D - a wand of paralysis (12)
Scrolls
 h - 4 scrolls of remove curse
 l - a scroll of fear
 m - 3 scrolls of amnesia
 t - 2 scrolls of fog
 w - a scroll of magic mapping
 E - 2 scrolls of teleportation
 F - 3 scrolls of immolation
 M - a scroll of holy word
Potions
 e - a potion of might
 j - a potion of stabbing
 o - a potion of brilliance
 q - a potion of mutation
 s - 2 potions of flight
 u - 2 potions of magic {unknown}
 B - 4 potions of curing
 H - a potion of haste {unknown}
 I - 3 potions of invisibility {unknown}
 K - 2 potions of lignification {unknown}
Comestibles
 f - 20 rations


   Skills:
 - Level 7.0 Fighting
 - Level 7.0 Maces & Flails
 - Level 2.0 Crossbows
 - Level 5.0 Throwing
 * Level 6.8 Dodging
 - Level 3.0 Spellcasting
 - Level 3.0 Evocations


You had 12 spell levels left.
You knew the following spells:

 Your Spells              Type           Power        Failure   Level  Hunger
a - Blink                 Tloc           N/A          41%         2    None

Your spell library contained the following spells:

 Spells                   Type           Power        Failure   Level  Hunger
 Confusing Touch          Hex            #.......     65%         3    None
 Gell's Gravitas          Tloc           #.........   65%         3    None
 Portal Projectile        Hex/Tloc       #.....       65%         3    None
 Recall                   Summ/Tloc      N/A          65%         3    None
 Petrify                  Tmut/Erth      #.......     96%         4    None
 Metabolic Englaciation   Hex/Ice        #.........   100%        5    None
 Yara's Violent Unravell  Hex/Tmut       #.........   100%        5    None


Dungeon Overview and Level Annotations

Branches:
Dungeon (8/15)             Temple (1/1) D:7          Bailey (1/1)
   Lair: D:8-11

Altars:
Ashenzari
Cheibriados
Dithmenos
Elyvilon
Fedhas
Gozag
Hepliaklqana
Kikubaaqudgha
Makhleb
Nemelex Xobeh
Okawaru
Qazlal
Ru
Sif Muna
Trog
Uskayaw
Vehumet
Wu Jian
Xom
Yredelemnul
Zin
The Shining One


Innate Abilities, Weirdness & Mutations

You are too large for most types of armour.
You have tough skin. (AC +1)
You have very sharp teeth.
You are partially covered in iridescent scales. (AC +2)


Message History

An orc warrior comes into view. It is wielding a +0 hand axe.
The orc knight completely misses you.
The orc warrior hits you with a +0 war axe!
As you read the scroll of teleportation, it crumbles to dust.
You feel strangely unstable.
The orc warrior hits you with a +0 battleaxe!
An orc comes into view. It is wielding a -1 hand axe.
The orc knight hits you with a +0 war axe!
You closely miss the orc warrior.
The orc warrior hits you with a +0 war axe!
The orc knight closely misses you.
The orc warrior hits you with a +0 battleaxe!
* * * LOW HITPOINT WARNING * * *
Unknown command.
You feel much better. The orc warrior completely misses you.
A goblin comes into view. It is wielding a +0 hand axe.
The orc knight hits you with a +0 war axe!!
* * * LOW HITPOINT WARNING * * *
The orc warrior hits you with a +0 battleaxe!!
You die... ### ##8## ##@oo## #8oog8#

##ogg##
##(##
≈o≈
#≈o≈#
K≈.≈(
##≈g≈##
K≈.≈K


You could see an orc knight, 4 orc warriors, 2 orcs, 2 hobgoblins and 2 goblins.

Vanquished Creatures
  Maggie (D:7)
  Grinder (D:6)
  An orc warrior (D:6)
  A hornet zombie (D:8)
  An ice beast (D:7)
  2 ogres (D:7)
  A black bear (D:6)
  5 centaurs
  A big kobold (D:8)
  2 bullfrogs
  Blork the orc (D:4)
  A howler monkey (D:4)
  3 wights (D:6)
  A centaur zombie (D:7)
  2 crimson imps
  A jelly (D:7)
  2 hounds
  4 orc priests
  2 bullfrog zombies (D:5)
  8 orc wizards
  Crazy Yiuf (D:5)
  2 centaur skeletons
  4 worker ants
  A hound skeleton (D:5)
  Robin (D:4)
  A worker ant zombie (D:6)
  5 gnolls
  2 adders
  An ooze (D:4)
  3 worms
  3 dart slugs
  2 leopard geckos
  35 orcs
  5 ball pythons
  9 giant cockroaches
  22 goblins
  9 hobgoblins
  12 jackals
  16 kobolds
  3 quokkas
  6 bats
  6 frilled lizards
  2 quokka skeletons
  2 quokka zombies
  9 rats
203 creatures vanquished.

Vanquished Creatures (collateral kills)
  A scorpion (D:7)
  2 jackals (D:7)
3 creatures vanquished.

Grand Total: 206 creatures vanquished

Notes
Turn   | Place    | Note
-------+----------+-------------------------------------------
     0 | D:1      | RaHiT the Ogre Gladiator began the quest for the Orb.
     0 | D:1      | Reached XP level 1. HP: 22/22 MP: 1/1
   160 | D:1      | Reached XP level 2. HP: 22/29 MP: 2/2
   982 | D:2      | Reached XP level 3. HP: 31/37 MP: 3/3
  1137 | D:2      | Found a shattered altar of Ashenzari.
  2030 | D:3      | Reached XP level 4. HP: 48/48 MP: 4/4
  2330 | D:2      | Reached skill level 1 in Evocations
  2633 | D:3      | Found a burning altar of Makhleb.
  2731 | D:3      | Reached skill level 5 in Fighting
  2731 | D:3      | Reached XP level 5. HP: 43/57 MP: 5/5
  3592 | D:3      | Reached XP level 6. HP: 66/66 MP: 6/6
  4107 | D:4      | Reached skill level 5 in Maces & Flails
  4147 | D:4      | Found a glowing silver altar of Zin.
  4314 | D:4      | Reached XP level 7. HP: 72/72 MP: 7/7
  4314 | D:4      | Noticed Robin
  4348 | D:4      | Killed Robin
  4514 | D:4      | Found a hazy altar of Hepliaklqana.
  4517 | D:4      | Found a blossoming altar of Fedhas.
  4605 | D:4      | Noticed Blork the orc
  4672 | D:4      | Killed Blork the orc
  4822 | D:5      | Entered Level 5 of the Dungeon
  4827 | D:5      | Identified the Handbook of Translocation
  4832 | D:5      | Learned a level 2 spell: Blink
  4906 | D:5      | Reached skill level 5 in Throwing
  5313 | D:5      | Reached skill level 1 in Spellcasting
  5498 | D:4      | Found a white marble altar of Elyvilon.
  5822 | D:5      | Found a runed translucent door.
  5823 | D:5      | Noticed Crazy Yiuf
  5840 | D:5      | Killed Crazy Yiuf
  6402 | D:6      | Found an iron altar of Okawaru.
  6409 | D:6      | Reached XP level 8. HP: 80/80 MP: 10/10
  6427 | D:6      | Reached skill level 1 in Crossbows
  6776 | D:6      | Noticed Grinder
  6785 | D:6      | Killed Grinder
  6785 | D:6      | Reached skill level 5 in Dodging
  6950 | D:6      | Found a snail-covered altar of Cheibriados.
  7401 | D:6      | Reached XP level 9. HP: 61/88 MP: 4/13
  7852 | D:7      | Noticed Maggie
  7906 | D:7      | Killed Maggie
  8654 | D:7      | Found a staircase to the Ecumenical Temple.
  8661 | Temple   | Entered the Ecumenical Temple
  8751 | Temple   | Became a worshipper of the Shining One
  8825 | D:7      | Found a stormy altar of Qazlal.
  9497 | D:8      | Found a flagged portal.
  9532 | Bailey   | Entered a bailey
  9734 | Bailey   | Noticed an orc knight
  9744 | Bailey   | Gained mutation: You have very sharp teeth. [potion of
                  | mutation]
  9744 | Bailey   | Gained mutation: You are partially covered in iridescent
                  | scales. (AC +2) [potion of mutation]
  9749 | Bailey   | Demolished by an orc warrior

Illustrated notes

Levels and vault maps discovered:
D:1:      dpeg_arrival_boxes_within_box, layout_rooms
D:2:      layout_basic, ashenzari_altar_1, first_ration, grunt_decor_cap,
          minmay_ruptured
D:3:      minmay_bubble_buster, layout_loops_ring, lemuel_round_altar
D:4:      layout_rooms, nicolae_overflow_hidden_temple, uniq_blork_the_orc,
          uniq_robin
D:5:      cheibrodos_quashed, layout_loops_corners, uniq_crazy_yiuf_cottage
D:6:      layout_basic, kennysheep_slug_shrine, nicolae_overflow_crystal_walls,
          hangedman_decor_opposing, grunt_ministairs_3, uniq_grinder
D:7:      layout_basic, grunt_qazlal_sundering, minmay_temple_entry_mist,
          grunt_ogre_cave, uniq_maggie
D:8:      layout_rooms, serial_shops, shop, enter_bailey_3, guppyfry_shop_venom
Temple:   nicolae_temple_figure_eight
Bailey:   bailey_axe_1, bailey

Skill      XL: |  1  2  3  4  5  6  7  8  9 |
---------------+----------------------------+-----
Fighting       | 3 5 7 |  7.0
Maces & Flails | 3 4 5 6 7 |  7.0
Dodging        | 3 5 6 |  6.8
Throwing       | 3 4 5 |  5.0
Evocations     | 1 2 3 |  3.0
Spellcasting   | 1 3 |  3.0
Crossbows      | 2 |  2.0

Action                   |  1- 3 |  4- 6 |  7- 9 || total
-------------------------+-------+-------+-------++-------
Melee: Flail             |    65 |    32 |       ||    97
       Morningstar       |       |    78 |   163 ||   241
 Fire: Hunting sling     |    27 |   113 |    24 ||   164
       Hand crossbow     |       |       |   101 ||   101
Throw: Stone             |    55 |       |     1 ||    56
       Dart              |       |    13 |    29 ||    42
       Throwing net      |       |       |     3 ||     3
       Boomerang         |       |       |    14 ||    14
 Abil: Evoke Flight      |     1 |       |       ||     1
Evoke: Wand              |       |       |     1 ||     1
  Use: Scroll            |     1 |     5 |     8 ||    14
       Potion            |     4 |       |     4 ||     8
 Stab: Paralysed         |       |       |     4 ||     4
  Eat: Chunk             |     3 |     8 |    10 ||    21
       Ration            |       |       |     2 ||     2
Armor: Robe              |    19 |    28 |    21 ||    68
       Steam dragon scal |       |       |    18 ||    18
Dodge: Dodged            |    44 |    55 |   131 ||   230

Table legend:
 A = Non-vault XP
 B = Vault XP
 C = Vault XP percentage of total XP
 D = Non-vault monster count
 E = Vault monster count
 F = Vault count percentage of total count
                 A         B        C        D         E       F
            +---------+---------+-------+---------+---------+-------
      Total |    3158 |     996 |  24.0 |     165 |      41 |  19.9
            +---------+---------+-------+---------+---------+-------
        D:1 |      30 |       0 |   0.0 |      16 |       0 |   0.0
        D:2 |      91 |       1 |   1.1 |      22 |       1 |   4.3
        D:3 |     193 |      30 |  13.5 |      35 |      13 |  27.1
        D:4 |     368 |     131 |  26.3 |      26 |      13 |  33.3
        D:5 |     295 |      39 |  11.7 |      12 |       1 |   7.7
        D:6 |    1085 |     262 |  19.5 |      24 |       2 |   7.7
        D:7 |     753 |     504 |  40.1 |      23 |       2 |   8.0
        D:8 |     343 |       8 |   2.3 |       7 |       4 |  36.4
     Bailey |       0 |      21 | 100.0 |       0 |       5 | 100.0
            +---------+---------+-------+---------+---------+-------
